 Dungeon Crawl Stone Soup version 0.20.1-1-g8b1a95d (webtiles) character file.

527 Monsterracer the Conjurer (level 7, -12/50 HPs)
             Began as a Red Draconian Conjurer on Aug 26, 2017.
             Was a Follower of Vehumet.
             Mangled by Duvessa
             ... wielding a +0 short sword
              (17 damage)
             ... on level 4 of the Dungeon.
             The game lasted 00:13:04 (3617 turns).

Monsterracer the Conjurer (Red Draconian Conjurer)  Turns: 3617, Time: 00:13:05

Health: -12/50     AC:  9    Str: 10    XL:     7   Next: 2%
Magic:  7/13       EV: 12    Int: 17    God:    Vehumet [*.....]
Gold:   134        SH:  0    Dex: 12    Spells: 4/14 levels left

rFire    + . .     SeeInvis .   a - +0 dagger (venom)
rCold    . . .     Gourm    .   (no shield)
rNeg     . . .     Faith    .   (armour unavailable)
rPois    .         Spirit   .   (helmet restricted)
rElec    .         Reflect  .   (no cloak)
rCorr    .         Harm     .   h - +2 pair of gloves
MR       .....                  (no boots)
Stlth    +.........             (no amulet)
Regen    0.2/turn               (no ring)
MPRegen  0.2/turn               (no ring)

@: glowing
A: breathe fire, unfitting armour, fire resistance 1, cold-blooded, AC +6
a: Breathe Fire, Renounce Religion


You were on level 4 of the Dungeon.
You worshipped Vehumet.
Vehumet was aware of your devotion.
You were not hungry.

You visited 1 branch of the dungeon, and saw 4 of its levels.

You collected 134 gold pieces.

Inventory:

Hand Weapons
 a - a +0 dagger of venom (weapon)
 b - a +1 short sword of holy wrath
 c - a +0 vampiric falchion
 m - a +1 mace of protection
Armour
 h - a +2 pair of gloves (worn)
Wands
 i - a wand of flame (25/48)
Scrolls
 l - 3 scrolls of teleportation
Potions
 e - 2 potions of might
 g - a potion of mutation
 j - a potion of invisibility {unknown}
 n - a potion of curing {unknown}
Books
 k - a book of Conjurations

   Spells                             Type                      Level
   a - Magic Dart                     Conjuration                  1
   b - Searing Ray                    Conjuration                  2
   c - Dazzling Spray                 Conjuration/Hexes            3
   d - Fulminant Prism                Conjuration/Hexes            4
   e - Force Lance                    Conjuration/Translocation    4
   f - Iskenderun's Mystic Blast      Conjuration                  4
Comestibles
 d - 3 royal jellies
 f - 2 bread rations


   Skills:
 - Level 1.7 Dodging
 - Level 1.7 Stealth
 + Level 4.1 Spellcasting
 * Level 7.4 Conjurations


You had 4 spell levels left.
You knew the following spells:

 Your Spells              Type           Power        Failure   Level  Hunger
a - Magic Dart            Conj           ####         1%          1    None
b - Searing Ray           Conj           ####..       1%          2    ##.....
c - Iskenderun's Mystic   Conj           ####....     7%          4    ####...
d - Dazzling Spray        Conj/Hex       ###...       10%         3    ###....


Dungeon Overview and Level Annotations

Branches:
Dungeon (4/15)
 Temple: D:4-7

Altars:
Hepliaklqana
Nemelex Xobeh
Vehumet

Annotations:
D:4 Duvessa


Innate Abilities, Weirdness & Mutations

You can breathe blasts of fire.
Your fiery red scales are hard. (AC +6)
You cannot fit into any form of body armour.
Your flesh is heat resistant. (rF+)
You are cold-blooded and may be slowed by cold attacks.


Message History

Duvessa closely misses you.
Dowan smirks and points a slender finger.
Dowan hits you but does no damage.
The searing ray hits Duvessa.
Duvessa is severely wounded.
You finish channeling your searing ray.
You kill Dowan!
Vehumet accepts your kill.
Vehumet offers you knowledge of Sandblast.
Duvessa screams in rage.
Duvessa goes berserk!
You have reached level 7!
Your scales start taking on a fiery red colour.
You learn Fire Magic much quicker.
You learn Ice Magic much slower.
You can breathe blasts of fire.
You feel resistant to heat. Duvessa hits you with a short sword!
* * * LOW HITPOINT WARNING * * *
Duvessa hits you with a short sword!
You die...

*###### #e..#*,,,,,*#.##.........
,$...#**#...#,,,,,,,#............
*....e.*#...+,,,,,,,#ยง##.........
*#.....##...#,,,,,,,#..#.........
#......#...#*,,,,,*##.#.........
**#........#**,,,**#....#######.
##################.##.# *#
#..........#.# * #...@)...#.#.##
#....e...#....####
#........#.......#
#........#.......#
#.().....#.......#
##################


You could see Duvessa (berserk).

Vanquished Creatures
  A necrophage (D:4)
  Dowan (D:4)
  An orc priest (D:3)
  A centaur skeleton (D:4)
  Natasha (thrice) (D:2)
  A worker ant (D:4)
  6 adders
  7 gnolls
  3 worms
  3 dart slugs (D:1)
  5 leopard geckos
  4 orcs (D:3)
  3 ball pythons
  5 bats
  3 giant cockroaches (D:1)
  22 goblins
  12 hobgoblins
  4 jackals
  2 quokkas (D:2)
  4 frilled lizards
  8 kobolds
  11 rats
110 creatures vanquished.

Vanquished Creatures (others)
  4 toadstools (D:1)
4 creatures vanquished.

Grand Total: 114 creatures vanquished

Notes
Turn   | Place    | Note
-------+----------+-------------------------------------------
     0 | D:1      | Monsterracer the Draconian Conjurer began the quest for the Orb.
     0 | D:1      | Reached XP level 1. HP: 14/14 MP: 3/3
   204 | D:1      | Reached XP level 2. HP: 13/20 MP: 0/5
   425 | D:1      | Learned a level 2 spell: Searing Ray
   603 | D:1      | Reached XP level 3. HP: 26/26 MP: 1/6
   835 | D:2      | Reached skill level 5 in Conjurations
   976 | D:2      | Found a sparkling altar of Nemelex Xobeh.
  1036 | D:2      | Reached XP level 4. HP: 27/33 MP: 2/7
  1201 | D:2      | Learned a level 3 spell: Dazzling Spray
  1608 | D:2      | Noticed Natasha
  1616 | D:2      | Killed Natasha
  1616 | D:2      | Reached XP level 5. HP: 34/38 MP: 3/9
  1651 | D:2      | Learned a level 4 spell: Iskenderun's Mystic Blast
  1716 | D:2      | Found a radiant altar of Vehumet.
  1717 | D:2      | Noticed Natasha
  1727 | D:2      | Killed Natasha
  1727 | D:2      | Reached skill level 6 in Conjurations
  1741 | D:2      | Became a worshipper of Vehumet
  1887 | D:2      | Noticed Natasha
  1895 | D:2      | Killed Natasha
  2360 | D:3      | Found a hazy altar of Hepliaklqana.
  2481 | D:3      | Reached * piety under Vehumet
  2481 | D:3      | Offered knowledge of Flame Tongue by Vehumet.
  2519 | D:3      | Reached XP level 6. HP: 38/45 MP: 5/11
  3219 | D:4      | Reached skill level 7 in Conjurations
  3442 | D:4      | Noticed Duvessa
  3442 | D:4      | Noticed Dowan
  3613 | D:4      | HP: 22/45 [Duvessa/short sword (10)]
  3617 | D:4      | Killed Dowan
  3617 | D:4      | Offered knowledge of Sandblast by Vehumet.
  3617 | D:4      | Your scales start taking on a fiery red colour.
  3617 | D:4      | Reached XP level 7. HP: 21/50 MP: 7/13
  3617 | D:4      | Gained mutation: Your flesh is heat resistant. (rF+) [Red Draconian growth]
  3617 | D:4      | HP: 5/50 [Duvessa/short sword (16)]
  3617 | D:4      | Mangled by Duvessa

Skill      XL: |  1  2  3  4  5  6 |
---------------+-------------------+-----
Conjurations   | 5 6 7 |  7.4
Spellcasting   | 3 4 |  4.1
Dodging        | |  1.7
Stealth        | |  1.7

Action                   |  1- 3 |  4- 6 |  7- 9 || total
-------------------------+-------+-------+-------++-------
Melee: Unarmed           |    19 |       |       ||    19
       Dagger            |    24 |    57 |       ||    81
       Tailslap          |     3 |    10 |       ||    13
       Short sword       |    11 |    17 |       ||    28
       Falchion          |       |    28 |       ||    28
 Cast: Magic Dart        |    44 |    45 |       ||    89
       Searing Ray       |     3 |    24 |       ||    27
  Use: Scroll            |       |     7 |       ||     7
 Stab: Sleeping          |     3 |     2 |       ||     5
  Eat: Chunk             |     1 |     9 |       ||    10
Armor: Skin              |    13 |    43 |       ||    56
Dodge: Dodged            |    38 |    77 |       ||   115
       Rpst.: Falchion   |       |     7 |       ||     7
